Map: Muro dorado EE

Players

MrFercho - Winner!

  • Race: Zerg Zerg
  • League: Silver
  • Spawn Location: 5:00

ETingRice

  • Race: Protoss Protoss
  • Spawn Location: 7:00

VOD

Have the link to the VOD?

Description

Time

  • Played on: June 7, 2020, 10:31 p.m.
  • Length: 13:26
Show
View Real Time Build Order
Export as new Build Order

MrFercho Zerg - Winner!

Build Orders: Pool First 

Get SALT Encoding   

  12  0:01  Drone  
  13  0:15  Overlord  
  13  0:20  Drone  
  14  0:33  Drone  
  14  0:34  Drone  
  16  0:37  Drone  
  17  0:48  Drone  
  18  0:53  Spawning Pool  
  17  0:59  Drone  
  18  1:10  Drone  
  19  1:22  Extractor  
  19  1:23  Drone  
  19  1:32  Hatchery  
  18  1:34  Drone  
  19  1:42  Queen  
  19  1:44  Overlord  
  21  1:58  Overlord  
  21  2:05  Drone  
  22  2:14  Drone  
  23  2:27  Drone  
  24  2:36  Drone  
  25  2:44  Drone  
  25  2:45  Evolution Chamber  
  25  2:46  Drone  
  25  2:49  Queen  
  28  2:55  Drone  
  29  2:59  Drone  
  29  3:00  Drone x2  
  29  3:01  Drone  
  33  3:06  Drone  
  33  3:10  Drone  
  35  3:16  Extractor  
  35  3:19  Drone  
  35  3:20  Extractor, Drone  
  35  3:28  Drone  
  35  3:29  Drone  
  35  3:30  Drone x2  
  35  3:33  Drone  
  40  3:45  Drone x2  
  42  3:49  Drone  
  42  3:54  Drone  
  44  4:04  Roach Warren, Drone  
  44  4:07  Overlord x3  
  44  4:30  Queen  
  46  4:45  Roach x5  
  56  4:46  Roach  
  58  4:58  Evolution Chamber  
  57  5:01  Zerg Missile Weapons Level 1  
  57  5:03  Drone  
  57  5:04  Drone  
  59  5:07  Roach x2  
  59  5:12  Drone x4  
  67  5:16  Drone  
  68  5:35  Hatchery  
  68  5:41  Drone  
  68  5:43  Overlord x4  
  68  6:01  Drone  
  68  6:02  Drone x2  
  68  6:03  Drone  
  72  6:12  Drone  
  72  6:14  Drone  
  74  6:19  Lair  
  74  6:22  Drone  
  74  6:24  Drone  
  76  6:31  Drone  
  77  6:37  Drone  
  78  6:44  Extractor  
  77  6:47  Drone x2  
  77  6:49  Extractor  
  77  6:52  Drone  
  77  6:53  Drone  
  80  6:55  Queen  
  80  6:57  Drone  
  80  6:58  Drone  
  84  7:13  Drone x3  
  84  7:14  Drone  
  88  7:18  Zerg Ground Armor Level 1  
  88  7:20  Drone x2  
  90  7:25  Zerg Missile Weapons Level 2  
  90  7:31  Hydralisk Den  
  90  7:34  Lair  
  90  7:35  Drone x3  
  90  7:36  Drone  
  93  7:43  Drone x2  
  95  7:50  Hatchery  
  94  7:55  Drone x3  
  97  7:59  Drone  
  98  8:07  Drone x2  
  98  8:08  Drone  
  101  8:15  Extractor  
  101  8:16  Extractor  
  99  8:26  Overlord x2, Drone  
  99  8:27  Overlord x2  
  100  8:28  Glial Reconstitution  
  100  8:32  Grooved Spines  
  100  8:45  Infestation Pit  
  100  8:47  Extractor  
  98  8:53  Drone x4  
  102  8:57  Drone x4  
  102  8:58  Drone x2  
  102  8:59  Drone  
  109  9:42  Hydralisk x6  
  109  9:43  Muscular Augments, Hydralisk x6  
  109  9:44  Hydralisk x4  
  141  9:53  Overlord  
  141  9:59  Overlord x3  
  141  10:07  Hive  
  141  10:14  Spire  
  141  10:15  Overlord x3  
  141  10:16  Overlord x2  
  140  10:26  Hydralisk x4  
  148  10:29  Drone x3  
  151  10:49  Hatchery  
  150  10:52  Hatchery  
  150  10:53  Hatchery  
  150  10:55  Overseer  
  148  10:58  Hatchery  
  148  11:01  Hydralisk x5  
  148  11:02  Hydralisk x2  
  161  11:35  Hydralisk  
  161  11:36  Hydralisk x4  
  161  11:37  Hydralisk x6  
  161  11:38  Hydralisk  
  185  11:44  Hatchery  
  154  12:10  Hydralisk x2  
  154  12:11  Hydralisk x14  
  184  12:25  Hydralisk x3  
  184  12:26  Hydralisk x5  
Show
View Real Time Build Order
Export as new Build Order

ETingRice Protoss 

Build Orders: Zealot Archon 

Get SALT Encoding   

  12  0:04  Probe  
  13  0:16  Probe  
  14  0:22  Pylon  
  14  0:25  Assimilator  
  14  0:28  Probe  
  15  0:40  Probe  
  16  0:53  Probe  
  16  0:56  Gateway  
  17  1:08  Pylon, Probe (Chrono Boost)  
  18  1:20  Probe (Chrono Boost)  
  19  1:47  Cybernetics Core  
  19  1:50  Probe  
  20  2:02  Probe  
  20  2:04  Assimilator  
  21  2:14  Probe  
  22  2:20  Nexus  
  22  2:23  Zealot  
  22  2:24  Warp Gate (Chrono Boost)  
  24  2:30  Probe  
  25  2:42  Pylon  
  25  2:47  Shield Battery  
  25  2:51  Probe  
  26  3:03  Probe  
  27  3:15  Stalker  
  28  3:37  Probe  
  29  3:45  Stalker  
  29  3:46  Probe  
  32  3:49  Probe  
  33  3:58  Probe  
  33  4:01  Probe  
  35  4:09  Pylon  
  35  4:10  Probe  
  35  4:12  Pylon  
  35  4:13  Probe  
  35  4:16  Sentry  
  39  4:19  Gateway  
  39  4:22  Probe  
  39  4:25  Probe  
  40  4:34  Probe  
  40  4:36  Gateway  
  41  4:40  Gateway  
  41  4:49  Gateway  
  41  4:51  Probe (Chrono Boost)  
  42  5:02  Probe (Chrono Boost)  
  43  5:11  Stargate  
  43  5:20  Twilight Council  
  43  5:30  Forge  
  43  5:36  Pylon  
  43  5:42  Robotics Facility  
  43  5:46  Stargate  
  43  5:49  Probe  
  44  5:52  Stalker  
  44  5:53  Stalker  
  48  6:01  Probe  
  49  6:08  Stalker  
  49  6:09  Stalker, Templar Archives  
  53  6:13  Probe  
  54  6:18  Assimilator  
  54  6:22  Assimilator  
  54  6:25  Probe  
  54  6:27  Probe  
  56  6:37  Probe  
  56  6:39  Probe  
  58  6:41  Pylon  
  58  6:50  Probe  
  58  6:51  Probe  
  58  6:53  Shield Battery  
  60  7:00  High Templar  
  60  7:01  High Templar  
  64  7:02  Probe  
  64  7:06  High Templar  
  67  7:10  Archon  
  67  7:14  Probe  
  68  7:17  Observer  
  69  7:26  Probe  
  70  7:37  Pylon  
  70  7:39  Observer  
  71  7:48  Pylon  
  71  7:58  Fleet Beacon  
  71  7:59  Warp Prism  
  73  8:06  Dark Shrine  
  73  8:35  Immortal  
  77  8:45  Probe  
  78  8:57  Probe  
  79  9:08  Nexus  
  79  9:09  Probe  
  80  9:10  High Templar  
  80  9:11  Pylon, High Templar  
  80  9:13  Pylon  
  80  9:15  Immortal, Observer  
  88  9:17  Archon  
  88  9:21  Probe  
  89  9:54  Immortal  
  93  10:08  Void Ray  
  97  10:23  Probe  
  98  10:33  Immortal  
  98  10:35  Probe  
  103  10:47  Probe  
  103  10:48  Pylon  
  104  10:50  Pylon  
  104  10:51  Void Ray  
  104  10:53  Pylon  
  108  10:59  Probe  
  109  11:08  Photon Cannon  
  109  11:10  Photon Cannon  
  109  11:11  Probe  
  109  11:12  Photon Cannon, Immortal  
  109  11:14  Photon Cannon  
  109  11:18  Photon Cannon  
  114  11:21  Photon Cannon  
  114  11:26  Photon Cannon  
  114  11:28  Photon Cannon  
  114  11:30  Shield Battery  
  114  11:32  Shield Battery  
  114  11:34  Void Ray  
  95  11:59  High Templar  
  95  12:00  High Templar x3  
  89  12:01  High Templar  
  65  12:16  Void Ray  
  61  12:33  High Templar  
  61  12:34  High Templar  
  61  12:35  High Templar x2  
  61  12:36  High Templar  
  42  13:09  Zealot  
  42  13:10  Zealot x2  
Tags
 
Composition
Zealot Archon
League
Silver
Matchup
PvZ
Opening
Pool First
Replay Pack
MrFercho
Spawn Locations
Close Positions
Add a new tag
Caveats
  • Supply blocks, unpowered buildings, or Contaminate may cause inaccurate times.
  • Supply counts are checked every 10 seconds.